 Dungeon Crawl Stone Soup version 0.31-a0-202-g547052bce9 (webtiles) character file.

Game seed: 4545012383270669139

21 graceasaur the Covered (level 2, 0/27 HPs)
             Began as an Armataur Fighter on June 26, 2023.
             Succumbed to an adder's poison
             ... on level 2 of the Dungeon.
             The game lasted 00:05:46 (563 turns).

graceasaur the Covered (Armataur Fighter)            Turns: 563, Time: 00:05:47

Health: 0/27       AC:  4    Str: 21    XL:     2   Next: 65%
Magic:  2/2        EV:  9    Int:  8    God:
Gold:   42         SH:  4    Dex:  9    Spells: 1/1 levels left

rFire   . . .        a - +0 war axe
rCold   . . .        c - +0 buckler
rNeg    . . .        f - +0 robe
rPois   .            (no helmet)
rElec   .            (no cloak)
rCorr   .            (no gloves)
SInv    .            (no barding)
Will    .....        (no amulet)
Stlth   +            (no ring)
HPRegen 0.24/turn    (no ring)
MPRegen 0.08/turn

%: roll
@: lethally poisoned (0 -> -1)
A: large, rugged brown scales 3, deformed body, armoured tail, roll, long
tongue, awkward tongue
a: no special abilities


You were on level 2 of the Dungeon.
You visited 1 branch of the dungeon, and saw 2 of its levels.

You collected 42 gold pieces.

Inventory:

Hand Weapons
 a - a +0 war axe (weapon)
 e - a +0 short sword
Armour
 b - a +0 scale mail
 c - a +0 buckler (worn)
 f - a +0 robe (worn)
Scrolls
 h - a scroll of enchant armour {unknown}
Potions
 d - a potion of might
 g - a potion of enlightenment {unknown}


   Skills:
 + Level 3.0 Fighting
 + Level 1.7 Axes
 + Level 3.9 Armour
 + Level 3.7 Shields


You had one spell level left.
You didn't know any spells.
Your spell library contained the following spells:

 Spells                   Type           Power      Damage    Failure   Level
 Stone Arrow              Conj/Erth      0%         3d7       85%         3
 Animate Armour           Summ/Erth      0%         N/A       99%         4
 Lehudib's Crystal Spear  Conj/Erth      0%         10d2      100%        8


Dungeon Overview and Level Annotations

Branches:
Dungeon (2/15)

Altars:


Innate Abilities, Weirdness & Mutations

You are completely covered in rugged brown scales. (AC +3, +7% HP)
Armour fits poorly on your strangely shaped body.
You have a long armoured tail.
You roll when moving toward enemies. (Rampage)
Your long tongue fully drains potion bottles. (2x potion effects)
Your tongue gives you trouble enunciating. (1.5x scroll delay)


Message History

You block the jackal's attack. You block the adder's attack.
The frilled lizard bites you.
You miss the adder.
The adder is lightly wounded.
You hit the frilled lizard.
You kill the frilled lizard!
You barely miss the jackal. You slash the jackal!
You kill the jackal!
You feel sick.
A bat comes into view.
You block the jackal's attack. The adder bites you.
You block the jackal's attack. The jackal closely misses you.
The adder bites you.
You are more poisoned.
The adder poisons you! The jackal attacks as you move away!
The jackal bites you but does no damage.
You feel sick. The jackal attacks as you move away!
The jackal bites you but does no damage.
You feel sick.
The jackal bites you but does no damage.
The jackal attacks as you move away! The jackal closely misses you.
You feel sick.
You feel sick. The jackal closely misses you.
You are too injured to fight recklessly!
You are too injured to fight recklessly!
You are too injured to fight recklessly!
You closely miss the jackal.
Your tail-slap misses the jackal.
You barely miss the jackal.
You feel sick. The jackal bites you.
* * * LOW HITPOINT WARNING * * *
You block the jackal's attack. The jackal barely misses you.
You miss the jackal.
Your tail-slap misses the jackal.
You closely miss the jackal.
You feel sick. The jackal barely misses you. The jackal closely misses you.
The jackal bites you but does no damage.
The jackal bites you.
* * * LOW HITPOINT WARNING * * *
You miss the jackal. You closely miss the jackal.
You die...

#.. #.# #.. #.#
#..##.# +.....#
#.....#####
#<.....###
###......##
####.#..## #
#.##.@## .#
#.###hh###.#
#....#Sh...##..#
#.##.###........
#.##.#.†.)#.....
#.#<.....># ##.#
#.##..... ...
.......
#.#...#.###


You could see an adder and 3 jackals.

Vanquished Creatures
  2 ball pythons (D:1)
  2 endoplasms (D:1)
  A giant cockroach (D:1)
  2 goblins
  2 hobgoblins (D:1)
  A jackal (D:2)
  A frilled lizard (D:2)
  5 kobolds (D:1)
  3 rats
19 creatures vanquished.

Notes
Turn   | Place    | Note
-------+----------+-------------------------------------------
     0 | D:1      | graceasaur the Armataur Fighter began the quest for the
                  | Orb.
     0 | D:1      | Reached XP level 1. HP: 19/19 MP: 1/1
   119 | D:1      | Reached XP level 2. HP: 26/26 MP: 2/2
   562 | D:2      | HP: 1/27 [jackal (3)]
   563 | D:2      | Succumbed to an adder's poison

Illustrated notes

Levels and vault maps discovered:
D:1:      dpeg_arrival_lava_temple_mockup, layout_basic
D:2:      layout_basic, chequers_ecumenical_altar_lobes

Skill      XL: |  1  2 |
---------------+-------+-----
Fighting       | 3 |  3.0
Axes           | |  1.7
Armour         | |  3.9
Shields        | |  3.7

Action                     || total
---------------------------++-------
  Melee: War axe           ||    42
         Tailslap          ||     5
 Armour: Scale mail        ||    10
         Robe              ||    16
  Dodge: Dodged            ||    30
  Block: Buckler           ||    14

Table legend: (Time is in decaauts)
 A = Elapsed time spent in this place.
 B = Non-inter-level travel time spent in this place.
 C = Inter-level travel time spent in this place.
 D = Time resting spent in this place.
 E = Time spent auto-exploring this place.
 F = Levels seen in this place.
 G = Mean time per level.
                   A        B        C        D        E       F      G
               +--------+--------+--------+--------+--------+-----+--------+
         Total |    581 |    211 |    370 |      0 |     66 |   2 |  290.5 |
       Dungeon |    581 |    211 |    370 |      0 |     66 |   2 |  290.5 |
               +--------+--------+--------+--------+--------+-----+--------+

Top non-repeatable levels by time:
     D:1: 546 daAuts
     D:2: 35 daAuts
